IL
TOLEDO MUD HENS @ INDIANAPOLIS INDIANS
05/10/2098
 
TOP OF THE 1ST
Toledo Mud Hens batting - Pitching for Indianapolis Indians : LHP Nesty Flores
Pitching: LHP Nesty Flores
Batting: LHB Marcus Peterson 0-0: Fly out, F8 (Line Drive, 8RS, EV 92.5 MPH)
Batting: LHB Denny Marshall 0-0: Ball
1-0: Ball
2-0: Fly out, F3 (Line Drive, 3L, EV 75.0 MPH)
Batting: RHB Jonah Brookhart 0-0: DOUBLE (Line Drive, 78D, EV 103.1 MPH)
Batting: SHB Mike Knighten 0-0: Ball
1-0: Ball
2-0: Ball
3-0: Base on Balls
Batting: RHB Tomoshi Matsuo 0-0: Ball
1-0: Swinging Strike
1-1: Called Strike
1-2: Foul Ball, location: 2F
1-2: Fielders Choice at 2nd, 6-4 (Groundball, 6, EV 89.4 MPH)
Top of the 1st over - 0 runs, 1 hit, 0 errors, 2 left on base; Toledo 0 - Indianapolis 0
BOTTOM OF THE 1ST
Indianapolis Indians batting - Pitching for Toledo Mud Hens : LHP Carlos Ramirez
Pitching: LHP Carlos Ramirez
Batting: LHB Phil Samsa 0-0: Called Strike
0-1: Called Strike
0-2: Ball
1-2: Foul Ball, location: 7LDF
1-2: Foul Ball, location: 2F
1-2: Foul Ball, location: 3F
1-2: Fly out, F8 (Flyball, 8RM, EV 86.9 MPH)
Batting: RHB Kevin Wallace 0-0: Ball
1-0: Called Strike
1-1: Swinging Strike
1-2: Fly out, F8 (Flyball, 8LD, EV 108.8 MPH)
Batting: RHB Santos Vazquez 0-0: SOLO HOME RUN (Flyball, 8RXD, EV 110.6 MPH), Distance : 427 ft
Batting: LHB Travis Hicks 0-0: Ball
1-0: Called Strike
1-1: Called Strike
1-2: Strikes out swinging
Bottom of the 1st over - 1 run, 1 hit, 0 errors, 0 left on base; Toledo 0 - Indianapolis 1
TOP OF THE 2ND
Toledo Mud Hens batting - Pitching for Indianapolis Indians : LHP Nesty Flores
Batting: RHB Carlos Fraire 0-0: Ball
1-0: Fly out, F8 (Flyball, 8LD, EV 90.6 MPH)
Batting: RHB Oscar Torres 0-0: Fly out, F4 (Popup, 34S, EV 74.4 MPH)
Batting: LHB Chris Johnson 0-0: Called Strike
0-1: Swinging Strike
0-2: Ball
1-2: Strikes out swinging
Top of the 2nd over - 0 runs, 0 hits, 0 errors, 0 left on base; Toledo 0 - Indianapolis 1
BOTTOM OF THE 2ND
Indianapolis Indians batting - Pitching for Toledo Mud Hens : LHP Carlos Ramirez
Batting: RHB Mike Mellor 0-0: Ball
1-0: Foul Ball, location: 2F
1-1: Swinging Strike
1-2: Ball
2-2: TRIPLE (Flyball, 8RXD, EV 99.4 MPH)
Batting: RHB Andreas Frick 0-0: Fly out, F7 (Flyball, 7D, EV 95.6 MPH)
Runner from 3rd tags up, SCORES, no throw by LF
Batting: RHB Collin Toth 0-0: Called Strike
0-1: Ball
1-1: Fly out, F3 (Popup, 3SF, EV 73.8 MPH)
Batting: RHB Jon Velasquez 0-0: Swinging Strike
0-1: Ball
1-1: Swinging Strike
1-2: Foul Ball, location: 25FF
1-2: Strikes out swinging
Bottom of the 2nd over - 1 run, 1 hit, 0 errors, 0 left on base; Toledo 0 - Indianapolis 2
TOP OF THE 3RD
Toledo Mud Hens batting - Pitching for Indianapolis Indians : LHP Nesty Flores
Batting: LHB Justin Kenworthy 0-0: Called Strike
0-1: Ground out 5-3 (Groundball, 5, EV 101.3 MPH)
Batting: LHB Marcus Peterson 0-0: Swinging Strike
0-1: Ball
1-1: Ground out 1-3 (Groundball, 15, EV 63.8 MPH)
Batting: LHB Denny Marshall 0-0: Ground out U3 (Groundball, 34, EV 81.9 MPH)
Top of the 3rd over - 0 runs, 0 hits, 0 errors, 0 left on base; Toledo 0 - Indianapolis 2
BOTTOM OF THE 3RD
Indianapolis Indians batting - Pitching for Toledo Mud Hens : LHP Carlos Ramirez
Batting: RHB Brett Dunlap 0-0: Fly out, F3 (Popup, 34, EV 83.1 MPH)
Batting: LHB Phil Samsa 0-0: Called Strike
0-1: Ball
1-1: Ball
2-1: Ball
3-1: Fly out, F8 (Flyball, 8RM, EV 98.8 MPH)
Batting: RHB Kevin Wallace 0-0: Ball
1-0: Ball
2-0: Ball
3-0: Called Strike
3-1: Fly out, F5 (Popup, 56S, EV 71.3 MPH)
Bottom of the 3rd over - 0 runs, 0 hits, 0 errors, 0 left on base; Toledo 0 - Indianapolis 2
TOP OF THE 4TH
Toledo Mud Hens batting - Pitching for Indianapolis Indians : LHP Nesty Flores
Batting: RHB Jonah Brookhart 0-0: SINGLE (Line Drive, 7S, EV 103.8 MPH)
Batting: SHB Mike Knighten 0-0: Called Strike
0-1: Called Strike
0-2: Strikes out looking
Batting: RHB Tomoshi Matsuo 0-0: Called Strike
0-1: Foul Ball, location: 2F
0-2: Ball
1-2: Ball
2-2: Ball
3-2: Foul Ball, location: 9LDF
3-2: Foul Ball, location: 5SF
3-2: Foul Ball, location: 9LDF
3-2: Foul Ball, location: 5F
3-2: SINGLE (Line Drive, 34, EV 103.1 MPH)
Jonah Brookhart to second
Jonah Brookhart to third
Batting: RHB Carlos Fraire 0-0: SINGLE (Line Drive, 3D, EV 105.6 MPH)
Jonah Brookhart scores
Tomoshi Matsuo to second
Batting: RHB Oscar Torres 0-0: Ball
1-0: SINGLE (Groundball, 6S, EV 76.3 MPH) (infield hit)
Tomoshi Matsuo to third
Carlos Fraire to second
Batting: LHB Chris Johnson 0-0: Called Strike
0-1: Fly out, F5 (Popup, 56S, EV 70.6 MPH)
Batting: LHB Justin Kenworthy 0-0: Ground out 4-3 (Groundball, 4, EV 88.1 MPH)
Top of the 4th over - 1 run, 4 hits, 0 errors, 3 left on base; Toledo 1 - Indianapolis 2
BOTTOM OF THE 4TH
Indianapolis Indians batting - Pitching for Toledo Mud Hens : LHP Carlos Ramirez
Batting: RHB Santos Vazquez 0-0: Foul Ball, location: 9LDF
0-1: Ball
1-1: Called Strike
1-2: Ball
2-2: Strikes out swinging
Batting: LHB Travis Hicks 0-0: Ball
1-0: Foul Ball, location: 5DF
1-1: Swinging Strike
1-2: Foul Ball, location: 2F
1-2: Ball
2-2: Foul Ball, location: 2F
2-2: Ball
3-2: Base on Balls
Batting: RHB Mike Mellor 0-0: Called Strike
0-1: Swinging Strike
0-2: SINGLE (Line Drive, 89M, EV 93.8 MPH)
Travis Hicks to second
Batting: RHB Andreas Frick 0-0: Foul Ball, location: 7LSF
0-1: Ball
1-1: Foul Ball, location: 25F
1-2: Ball
2-2: Foul Ball, location: 9LSF
2-2: Grounds into double play, 6-4-3 (Groundball, 6, EV 83.8 MPH)
Bottom of the 4th over - 0 runs, 1 hit, 0 errors, 1 left on base; Toledo 1 - Indianapolis 2
TOP OF THE 5TH
Toledo Mud Hens batting - Pitching for Indianapolis Indians : LHP Nesty Flores
Batting: LHB Marcus Peterson 0-0: Foul Ball, location: 2F
0-1: Ball
1-1: Ball
2-1: Swinging Strike
2-2: Ball
3-2: SINGLE (Groundball, 6MD, EV 106.3 MPH)
Batting: LHB Denny Marshall 0-0: Called Strike
0-1: Ball
1-1: Called Strike
1-2: Foul Ball, location: 3F
1-2: Ball
2-2: Ball
3-2: Base on Balls
Marcus Peterson to second
Batting: RHB Jonah Brookhart 0-0: Foul Ball, location: 2F
0-1: SINGLE (Flyball, 7LS, EV 83.8 MPH)
Marcus Peterson to third
Denny Marshall to second
Batting: SHB Mike Knighten 0-0: Ball
1-0: Ball
2-0: Called Strike
2-1: Foul Ball, location: 2F
2-2: Strikes out swinging
Batting: RHB Tomoshi Matsuo 0-0: Ball
1-0: Foul Ball, location: 5F
1-1: Foul Ball, location: 9LSF
1-2: Ball
2-2: Fly out, F7 (Flyball, 7LS, EV 77.5 MPH)
Batting: RHB Carlos Fraire 0-0: Ball
1-0: Ball
2-0: Fly out, F6 (Popup, 56D, EV 66.9 MPH)
Top of the 5th over - 0 runs, 2 hits, 0 errors, 3 left on base; Toledo 1 - Indianapolis 2
BOTTOM OF THE 5TH
Indianapolis Indians batting - Pitching for Toledo Mud Hens : LHP Carlos Ramirez
Batting: RHB Collin Toth 0-0: Ball
1-0: Fly out, F9 (Flyball, 9LS, EV 91.3 MPH)
Batting: RHB Jon Velasquez 0-0: Called Strike
0-1: Foul Ball, location: 7LMFF
0-2: Ball
1-2: Fly out, F8 (Line Drive, 8RM, EV 89.4 MPH)
Batting: RHB Brett Dunlap 0-0: Called Strike
0-1: Ball
1-1: Ball
2-1: Ground out 6-3 (Groundball, 6, EV 89.4 MPH)
Bottom of the 5th over - 0 runs, 0 hits, 0 errors, 0 left on base; Toledo 1 - Indianapolis 2
TOP OF THE 6TH
Toledo Mud Hens batting - Pitching for Indianapolis Indians : LHP Nesty Flores
Batting: RHB Oscar Torres 0-0: Ball
1-0: Called Strike
1-1: Called Strike
1-2: SINGLE (Line Drive, 8RS, EV 93.8 MPH)
Batting: LHB Chris Johnson 0-0: Grounds into double play, 4-6-3 (Groundball, 4, EV 88.1 MPH)
Batting: LHB Justin Kenworthy 0-0: Ball
1-0: Swinging Strike
1-1: Foul Ball, location: 2LF
1-2: Strikes out looking
Top of the 6th over - 0 runs, 1 hit, 0 errors, 0 left on base; Toledo 1 - Indianapolis 2
BOTTOM OF THE 6TH
Indianapolis Indians batting - Pitching for Toledo Mud Hens : LHP Carlos Ramirez
Batting: LHB Phil Samsa 0-0: Swinging Strike
0-1: Swinging Strike
0-2: Ball
1-2: Strikes out swinging
Batting: RHB Kevin Wallace 0-0: Ball
1-0: Swinging Strike
1-1: Ball
2-1: Foul Ball, location: 25F
2-2: Strikes out swinging
Batting: RHB Santos Vazquez 0-0: Called Strike
0-1: Ball
1-1: Fly out, F9 (Flyball, 9LM, EV 97.5 MPH)
Bottom of the 6th over - 0 runs, 0 hits, 0 errors, 0 left on base; Toledo 1 - Indianapolis 2
TOP OF THE 7TH
Toledo Mud Hens batting - Pitching for Indianapolis Indians : LHP Nesty Flores
Now at 1B: Travis Hicks
Now at 3B: Mike Mellor
Now in LF: Collin Toth
Now in RF: Bob Peterson
Batting: LHB Marcus Peterson 0-0: Ball
1-0: Ground out 3-1 (Groundball, 13, EV 89.4 MPH)
Pitching: RHP Pat Utterback
Now at 1B: Collin Toth
Now in LF: Andreas Frick
Now in CF: Bob Peterson
Now in RF: Carlos Martinez
Batting: LHB Denny Marshall 0-0: Called Strike
0-1: SOLO HOME RUN (Flyball, 89XD, EV 104.4 MPH), Distance : 391 ft
Batting: RHB Jonah Brookhart 0-0: Called Strike
0-1: Ball
1-1: Called Strike
1-2: Ball
2-2: Ball
3-2: Foul Ball, location: 25FF
3-2: Base on Balls
Batting: SHB Mike Knighten 0-0: Ball
Jonah Brookhart steals 2nd base
1-0: Intentional Walk
Batting: LHB John Castaneda 0-0: Ball
1-0: SINGLE (Line Drive, 89S, EV 107.5 MPH)
Jonah Brookhart to third
Mike Knighten to second
Runner from 3rd tries for Home, SAFE, throw by RF to home
Batting: RHB Carlos Fraire 0-0: Called Strike
0-1: Foul Ball, location: 2F
0-2: Strikes out looking
Batting: RHB Oscar Torres 0-0: Called Strike
0-1: Ball
1-1: Foul Ball, location: 2F
1-2: Ball
2-2: Strikes out looking
Top of the 7th over - 2 runs, 2 hits, 0 errors, 2 left on base; Toledo 3 - Indianapolis 2
BOTTOM OF THE 7TH
Indianapolis Indians batting - Pitching for Toledo Mud Hens : LHP Carlos Ramirez
Now at 3B: Jesus Mendoza
Now in LF: Denny Marshall
Now in CF: Jason Schneider
Now in RF: Justin Kenworthy
Batting: SHB Carlos Martinez 0-0: Swinging Strike
0-1: Ball
1-1: Swinging Strike
1-2: Strikes out swinging
Batting: RHB Mike Mellor 0-0: Ball
1-0: Ball
2-0: SINGLE (Line Drive, 78S, EV 93.1 MPH)
Batting: RHB Andreas Frick 0-0: Ball
1-0: Foul Ball, location: 9LDF
1-1: DOUBLE (Line Drive, 8RXD, EV 103.8 MPH)
Mike Mellor to third
Runner from 3rd tries for Home, SAFE, throw by CF to home
Batting: RHB Collin Toth 0-0: Ball
1-0: Ball
2-0: Called Strike
2-1: DOUBLE (Line Drive, 9LS, EV 110.6 MPH)
Andreas Frick scores
Batting: RHB Jon Velasquez 0-0: Intentional Walk
Batting: RHB Brett Dunlap 0-0: Ball
1-0: Ball
2-0: Fly out, F8 (Flyball, 8LD, EV 100.6 MPH)
Batting: SHB Bob Peterson 0-0: Ball
1-0: Swinging Strike
1-1: Ball
2-1: Foul Ball, location: 2F
2-2: Ball
3-2: SINGLE (Groundball, 4MD, EV 100.0 MPH)
Collin Toth to third
Jon Velasquez to second
Collin Toth scores
Jon Velasquez to third
Batting: RHB Kevin Wallace 0-0: Ball
1-0: Foul Ball, location: 7LSF
1-1: Ground out 4-3 (Groundball, 13, EV 84.4 MPH)
Bottom of the 7th over - 3 runs, 4 hits, 0 errors, 2 left on base; Toledo 3 - Indianapolis 5
TOP OF THE 8TH
Toledo Mud Hens batting - Pitching for Indianapolis Indians : RHP Pat Utterback
Pitching: RHP Kymani Gaines
Batting: LHB Chris Johnson 0-0: Called Strike
0-1: SINGLE (Groundball, 4MD, EV 98.8 MPH)
Batting: LHB Justin Kenworthy 0-0: Ground out 5-3 (Groundball, 56S, EV 77.5 MPH)
Chris Johnson to second
Batting: LHB Jason Schneider 0-0: Foul Ball, location: 2F
0-1: Ball
1-1: Ball
2-1: Ground out 6-3 (Groundball, 6M, EV 86.3 MPH)
Batting: LHB Denny Marshall 0-0: Ball
1-0: Ball
2-0: Called Strike
2-1: Ball
3-1: Called Strike
3-2: Strikes out looking
Top of the 8th over - 0 runs, 1 hit, 0 errors, 1 left on base; Toledo 3 - Indianapolis 5
BOTTOM OF THE 8TH
Indianapolis Indians batting - Pitching for Toledo Mud Hens : LHP Carlos Ramirez
Pitching: RHP Jose Munoz
Batting: RHB Santos Vazquez 0-0: Ball
1-0: Ball
2-0: Called Strike
2-1: Foul Ball, location: 9LMF
2-2: Fly out, F7 (Flyball, 7S, EV 90.0 MPH)
Batting: SHB Carlos Martinez 0-0: Foul Ball, location: 5FF
0-1: Called Strike
0-2: Foul Ball, location: 2F
0-2: Ball
1-2: Fly out, F7 (Flyball, 78S, EV 78.1 MPH)
Batting: RHB Mike Mellor 0-0: Foul Ball, location: 9LMF
0-1: Ball
1-1: Ball
2-1: Fly out, F8 (Flyball, 8LXD, EV 81.9 MPH)
Bottom of the 8th over - 0 runs, 0 hits, 0 errors, 0 left on base; Toledo 3 - Indianapolis 5
TOP OF THE 9TH
Toledo Mud Hens batting - Pitching for Indianapolis Indians : RHP Kymani Gaines
Batting: RHB Jonah Brookhart 0-0: Swinging Strike
0-1: Ball
1-1: Swinging Strike
1-2: Strikes out swinging
Batting: RHB Jesus Mendoza 0-0: Foul Ball, location: 5F
0-1: Ball
1-1: Fly out, F4 (Popup, 4, EV 64.4 MPH)
Batting: LHB John Castaneda 0-0: Ground out 4-3 (Groundball, 4, EV 88.8 MPH)
Top of the 9th over - 0 runs, 0 hits, 0 errors, 0 left on base; Toledo 3 - Indianapolis 5
Wednesday, April 3rd , 2024 - OOTP Baseball 24.11 Build 85